AoeStats
← Koti

MegaRandom

510412687Analyzed
4v4 RM · 2d ago on Sep 30, 2026· 32m 21s· 8 players
Game mode
Random Map
Map size
Large (8 player)
Population
200
Speed
Normal
Resources
Standard
Victory
Conquest
Starting age
Dark Age
Ending age
Imperial Age
RankedLock teamsTeams togetherTeam positionsShared explorationLock speedFull tech treeHidden civsTurbo modeCheats
Victory
Defeat
🇵🇹 Japanese · Portugal
1621
+13
🇧🇷 Britons · Brazil
1606
+14
🇧🇷 Magyars · Brazil
1412
+22
🇧🇷 Persians · Brazil
1183
+29
🇹🇷 Britons · Türkiye
1598
-21
🇫🇷 Varangians · France
1594
-21
🇨🇦 Jurchens · Canada
1551
-20
🇮🇪 Maya · Ireland
1445
-16
[LCDR] Alone
6:11 Loom
9:13 Feudal Age
9:46 Double-Bit Axe
14:37 Fletching
17:01 Padded Archer Armor
22:37 Castle Age
21:21 Gold Mining
22:39 Crossbowman
23:14 Bodkin Arrow
24:36 Ballistics
26:09 Leather Archer Armor
Savitar_pt
7:01 Loom
9:56 Feudal Age
10:40 Double-Bit Axe
13:45 Fletching
14:48 Padded Archer Armor
18:57 Wheelbarrow
22:47 Castle Age
20:52 Gold Mining
22:49 Crossbowman
23:25 Bodkin Arrow
25:13 Ballistics
27:28 Thumb Ring
33:10 Leather Archer Armor
[LCDR] ScOrPiOn II
6:50 Loom
9:16 Feudal Age
10:15 Double-Bit Axe
13:21 Horse Collar
15:28 Scale Barding Armor
21:27 Bloodlines
24:54 Castle Age
26:11 Chain Barding Armor
26:18 Bow Saw
26:13 Husbandry
Pituhepertuba_
6:27 Loom
8:46 Feudal Age
9:35 Double-Bit Axe
13:44 Forging
15:15 Horse Collar
15:57 Scale Barding Armor
20:44 Castle Age
19:41 Bloodlines
20:52 Light Cavalry
22:08 Iron Casting
27:33 Gold Mining
28:24 Chain Barding Armor
30:39 Husbandry
31:06 Bow Saw
33:23 Wheelbarrow
32:35 Town Watch
Funkyton
7:40 Loom
9:55 Feudal Age
17:06 Castle Age
15:52 Bloodlines
15:38 Double-Bit Axe
18:28 Husbandry
25:35 Scale Barding Armor
29:11 Chain Barding Armor
Madbun
0:29 Loom
10:13 Feudal Age
10:54 Double-Bit Axe
15:48 Fletching
17:10 Padded Archer Armor
24:15 Gold Mining
29:41 Castle Age
29:45 Crossbowman
30:22 Bodkin Arrow
30:50 Bow Saw
31:28 Wheelbarrow
32:18 Thumb Ring
Koti
4:57 Loom
8:57 Feudal Age
13:31 Bloodlines
16:03 Scale Barding Armor
17:13 Forging
18:12 Horse Collar
18:19 Double-Bit Axe
23:07 Castle Age
21:50 Gold Mining
24:19 Chain Barding Armor
23:22 Light Cavalry
24:42 Husbandry
26:08 Bow Saw
28:24 Wheelbarrow
LonzoWall
6:28 Loom
8:59 Feudal Age
11:32 Double-Bit Axe
13:35 Fletching
14:27 Padded Archer Armor
19:14 Gold Mining
22:21 Castle Age
21:51 Horse Collar
22:23 Crossbowman
22:59 Bodkin Arrow
25:33 Ballistics
30:34 Leather Archer Armor
Connection lost

Rejoining the realm…

Still unreachable

The connection could not be restored.

Session expired

The server has moved on; the page needs a fresh start.